 Dungeon Crawl Stone Soup version 0.19.0-16-g73b5abf (webtiles) character file.

37 Chiseanne the Magician (level 3, 24/24 HPs)
             Began as a Demonspawn Wizard on Nov 10, 2016.
             Quit the game on level 3 of the Dungeon.
             The game lasted 00:02:17 (2110 turns).

Chiseanne the Magician (Demonspawn Wizard)          Turns: 2110, Time: 00:02:18

Health: 24/24      AC:  2    Str:  7    XL:     3   Next: 21%
Magic:  8/8        EV: 12    Int: 20    God:
Gold:   70         SH:  0    Dex: 11    Spells: 1 memorised, 8 levels left

rFire  . . .     SeeInvis .     a - +1 mace
rCold  . . .     Gourm    .     f - +0 robe
rNeg   . . .     Faith    .     (no shield)
rPois  .         Spirit   +     (helmet restricted)
rElec  .         Reflect  .     (no cloak)
rCorr  .         Harm     .     (no gloves)
MR     .....                    (no boots)
Stlth  ++........               (no amulet)
                                (no ring)
                                (no ring)

@: no status effects
A: horns 1, magic shield
a: no special abilities


You were on level 3 of the Dungeon.
You were not hungry.

You visited 1 branch of the dungeon, and saw 3 of its levels.

You collected 70 gold pieces.

Inventory:

Hand Weapons
 a - a +1 mace (weapon)
Missiles
 e - 41 arrows
 g - 86 stones (quivered)
 h - 19 bolts
Armour
 b - a +0 hat
 f - a +0 robe (worn)
 l - a +0 helmet
Scrolls
 i - a scroll of teleportation
 k - 2 scrolls of remove curse
 m - a scroll of identify
Potions
 p - 2 potions of brilliance
 q - a potion of heal wounds
Books
 c - a book of Minor Magic

   Spells                             Type                      Level
   a - Magic Dart                     Conjuration                  1
   b - Blink                          Translocation                2
   c - Call Imp                       Summoning                    2
   d - Repel Missiles                 Charms/Air                   2
   e - Slow                           Hexes                        2
   f - Conjure Flame                  Conjuration/Fire             3
   g - Mephitic Cloud                 Conjuration/Poison/Air       3
Comestibles
 d - 3 bread rations
 j - a chunk of flesh
 n - a slice of pizza


   Skills:
 - Level 1.7 Dodging
 - Level 1.7 Stealth
 * Level 3.5 Spellcasting
 * Level 2.4 Conjurations
   Level 1.0 Summonings
   Level 0.8 Translocations


You had 8 spell levels left.
You knew the following spells:

 Your Spells              Type           Power        Failure   Level  Hunger
a - Magic Dart            Conj           ##..         6%          1    None


Dungeon Overview and Level Annotations

Branches:
Dungeon (3/15)

Altars:


Innate Abilities, Weirdness & Mutations

You have a pair of small horns on your head.
When hurt, damage is shared between your health and your magic reserves.


Message History

Aiming: Magic Dart
Press: ? - help, Shift-Dir - straight line, f/p - adder
Aim: an adder (severely wounded)
The magic dart hits the adder.
The adder is almost dead.
The adder bites you.
Casting: Magic Dart
Confirm with . or Enter, or press ? or * to list all spells.
Aiming: Magic Dart
Press: ? - help, Shift-Dir - straight line, f/p - adder
Aim: an adder (almost dead)
The magic dart hits the adder.
You kill the adder!
You have reached level 3!
Your experience leads to an increase in your attributes!
Increase (S)trength, (I)ntelligence, or (D)exterity?
You feel clever.
Your demonic ancestry asserts itself...
A pair of horns grows on your head!
Your +0 helmet falls away!
Are you sure you want to abandon this character and quit the game? (Confirm with "yes".)

.... #.# ..... #.# ##
..... ... .
......#.#.#
......#.#.##.#.
............... ##
#.# ..# #.#### ##..#
########@...# #....#
#.....##..#.# ##.##.#
#...........##
<...).#
#.........#.....
......#
#.....##.##.####
#...#.# #..)..##..<.#
#...#.# #####.####..#
......# #.####..#
##.##########.......#


There were no monsters in sight!

Vanquished Creatures
  An adder (D:3)
  An ooze (D:2)
  A dart slug (D:1)
  A leopard gecko (D:1)
  5 bats
  A giant cockroach (D:1)
  A goblin (D:1)
  2 hobgoblins (D:1)
  3 frilled lizards (D:1)
  4 kobolds
  4 rats
24 creatures vanquished.

Notes
Turn   | Place    | Note
-------+----------+-------------------------------------------
     0 | D:1      | Chiseanne the Demonspawn Wizard began the quest for the Orb.
     0 | D:1      | Reached XP level 1. HP: 13/13 MP: 4/4
   792 | D:1      | Gained mutation: When hurt, damage is shared between your health and your magic reserves. [demonic ancestry]
   792 | D:1      | Reached XP level 2. HP: 17/19 MP: 0/6
  2044 | D:3      | Gained mutation: You have a pair of small horns on your head. [demonic ancestry]
  2044 | D:3      | Reached XP level 3. HP: 23/24 MP: 0/8
  2110 | D:3      | Quit the game

Skill      XL: |  1  2 |
---------------+-------+-----
Conjurations   | 2 |  2.4
Dodging        | |  1.7
Stealth        | |  1.7
Spellcasting   | |  3.5
Summonings     | |  1.0
Translocations | |  0.8

Action                   || total
-------------------------++-------
Melee: Mace              ||     5
 Cast: Magic Dart        ||    58
  Use: Scroll            ||     6
  Eat: Chunk             ||     3
Armor: Robe              ||     4
Dodge: Dodged            ||     8
